 Dungeon Crawl Stone Soup version 0.31.0-11-ge490571c62 (webtiles) character file.

Game seed: 4427335958777171760

29 solopath the Trooper (level 3, -1/40 HPs)
             Began as an Oni Berserker on Jan 30, 2024.
             Was a Believer of Trog.
             Slain by an adder (3 damage)
             ... on level 1 of the Dungeon.
             The game lasted 00:00:49 (873 turns).

solopath the Trooper (Oni Berserker)                 Turns: 873, Time: 00:00:51

Health: -1/40      AC:  3    Str: 23    XL:     3   Next: 16%
Magic:  3/3        EV: 10    Int:  8    God:    Trog [**....]
Gold:   41         SH:  0    Dex:  8    Spells: 2/2 levels left

rFire   . . .        a - +0 mace
rCold   . . .        (no shield)
rNeg    . . .        b - +0 animal skin
rPois   .            (helmet restricted)
rElec   .            (no cloak)
rCorr   .            (gloves unavailable)
SInv    .            (boots unavailable)
Will    .....        (no amulet)
Stlth   +            (no ring)
HPRegen 0.26/turn    (no ring)
MPRegen 0.08/turn

%: no passive effects
@: lethally poisoned (-1 -> -7)
A: large, unfitting armour, horns 1, tough skin 1, double potion healing,
drunken brawling
a: Renounce Religion, Berserk, Trog's Hand


You were on level 1 of the Dungeon.
You worshipped Trog.
Trog was pleased with you.
You visited 1 branch of the dungeon, and saw 2 of its levels.

You collected 41 gold pieces.

Inventory:

Hand Weapons
 a - a +0 mace (weapon)
Missiles
 f - a throwing net (quivered)
Armour
 b - a +0 animal skin (worn)
Jewellery
 c - a ring of ice
Scrolls
 d - a scroll of identify {unknown}
 e - a scroll of vulnerability {unknown}
Potions
 g - a potion of curing {unknown}


   Skills:
 + Level 4.5 Fighting
 * Level 3.8 Maces & Flails
 - Level 2.6 Dodging


You had 2 spell levels left.
You didn't know any spells.
Your spell library was empty.

Dungeon Overview and Level Annotations

Branches:
Dungeon (2/15)

Altars:


Innate Abilities, Weirdness & Mutations

You are too large for most types of armour.
You have a pair of small horns on your head.
You have tough skin. (AC +1)
You gain doubled healing and magic from potions.
Whenever you drink a healing potion, you attack all around you.


Message History

The adder attacks as it pursues you! The adder bites you. x2
You are poisoned.
The adder poisons you!
There is a stone staircase leading up, spattered with blood here.
You feel sick. The adder bites you.
You climb upwards.
You feel sick.
There is a stone staircase leading down here.
Unknown command.
You hit the adder.
The adder is heavily wounded.
You feel sick.
You are no longer poisoned.
The adder bites you.
You are poisoned.
The adder poisons you!
You barely miss the adder.
The adder is heavily wounded.
You feel sick. The adder bites you.
You are more poisoned.
The adder poisons you! The adder barely misses you.
You barely miss the adder.
The adder is heavily wounded.
You feel sick. The adder bites you.
* * * LOW HITPOINT WARNING * * *
You are more poisoned.
The adder poisons you! The adder closely misses you.
You closely miss the adder.
You headbutt the adder, but do no damage.
The adder is heavily wounded.
* * * LOW HITPOINT WARNING * * *
You feel very sick. The adder bites you.
* * * LOW HITPOINT WARNING * * *
You closely miss the adder.
The adder is heavily wounded.
* * * LOW HITPOINT WARNING * * *
You feel sick. The adder bites you.
* * * LOW HITPOINT WARNING * * *
The adder bites you.
You die...

###.#####.##∩.......##.........##
......#....##∩∩###∩###.........##
....#.'....##### ### #.##########
....###....# ##.# # ....# #.####
#..# # ....# #....# ####.## #
##### ####.#######....# #
#.....##..#### # #####..@S.# #
#####.# # #.##############
#.............#. #############.#.
#.#. #.## #.# #.#


You could see an adder.

Vanquished Creatures
  A dart slug (D:1)
  2 bats (D:1)
  An endoplasm (D:1)
  2 giant cockroaches (D:1)
  5 hobgoblins (D:1)
  4 kobolds (D:1)
  2 ball pythons (D:1)
  A frilled lizard (D:1)
  6 goblins
24 creatures vanquished.

Notes
Turn   | Place    | Note
-------+----------+-------------------------------------------
     0 | D:1      | solopath the Oni Berserker began the quest for the Orb.
     0 | D:1      | Reached XP level 1. HP: 24/24 MP: 1/1
   114 | D:1      | Reached XP level 2. HP: 31/32 MP: 2/2
   151 | D:1      | You fall into a shaft and drop 1 floor!
   544 | D:1      | Reached XP level 3. HP: 40/40 MP: 3/3
   695 | D:1      | Reached ** piety under Trog
   873 | D:1      | HP: 2/40 [adder (2)]
   873 | D:1      | Slain by an adder

Illustrated notes

Levels and vault maps discovered:
D:1:      amcnicky_arrival_abandoned_market, layout_basic
D:2:      layout_loops_ring, basic_altar, basic_ecumenical_altar, uniq_robin

Action                     || total
---------------------------++-------
  Melee: Mace              ||    69
         Headbutt          ||    10
   Stab: Sleeping          ||     1
 Armour: Animal skin       ||    52
  Dodge: Dodged            ||    32
